 Dungeon Sprint DCSS version 0.20-a0-1086-g4bd2f5b (webtiles) character file.

1845 potatolord5000 the Spear-Bearer (level 9, 0/81 HPs)
             Began as a Merfolk Gladiator on May 1, 2017.
             Was an Initiate of Gozag.
             Killed by vampiric draining
             ... invoked by a vampire
              (6 damage)
             ... in the Dungeon (Sprint IX: "|||||||||||||||||||||||||||||").
             The game lasted 00:04:18 (341 turns).

potatolord5000 the Spear-Bearer (Merfolk Gladiator)  Turns: 341, Time: 00:04:19

Health: 0/81       AC:  5    Str: 17    XL:     9   Next: 12%
Magic:  9/9        EV: 22    Int: 11    God:    Gozag
Gold:   576        SH:  0    Dex: 18    Spells: 8/8 levels left

rFire    . . .     SeeInvis .   n - +2 halberd (venom)
rCold    . . .     Gourm    .   (shield currently unavailable)
rNeg     . . .     Faith    .   b - +0 leather armour
rPois    .         Spirit   .   o - +0 helmet
rElec    .         Reflect  .   a - +0 cloak
rCorr    .         Harm     .   (no gloves)
MR       .....     NoTele   +   (no boots)
Stlth    +++++.....             (no amulet)
Regen    0.3/turn               c - +3 ring of intelligence
MPRegen  0.2/turn               m - +3 ring of strength

@: gold aura
A: change form in water, swift swim, stealthy swim
a: Potion Petition, Call Merchant, Bribe Branch, Renounce Religion


You were in the Dungeon.
You worshipped Gozag.
Gozag was pleased with you.
You were very full.

You visited 1 branch You collected 576 gold pieces.

Inventory:

Hand Weapons
 n - a +2 halberd of venom (weapon)
Missiles
 d - 3 throwing nets (quivered)
Armour
 a - a +0 cloak (worn)
 b - a +0 leather armour (worn)
 o - a +0 helmet (worn)
Jewellery
 c - a +3 ring of intelligence (left hand)
 m - a +3 ring of strength (right hand)
Scrolls
 j - 3 scrolls of remove curse
 k - 2 scrolls of blinking
 l - 2 scrolls of amnesia
Potions
 e - 5 potions of curing
 g - a potion of heal wounds
 h - a potion of invisibility
 i - 4 potions of magic


   Skills:
 + Level 11.1 Fighting
 + Level 14.2 Polearms
 - Level 2.0 Throwing
 + Level 13.3 Dodging
 + Level 11.6 Stealth


You had 8 spell levels left.
You didn't know any spells.

Dungeon Overview and Level Annotations

Branches:
Dungeon (1/1)

Altars:
Cheibriados
Dithmenos
Elyvilon
Fedhas
Gozag
Hepliaklqana
Kikubaaqudgha
Makhleb
Nemelex Xobeh
Okawaru
Qazlal
Ru
Sif Muna
Trog
Uskayaw
Vehumet
Wu Jian
Xom
Yredelemnul
Zin
The Shining One
Beogh
Jiyva
Lugonu


Message History

Something barely misses you.
You hit something but do no damage. Something barely misses you.
Something bites you!
* * * LOW HITPOINT WARNING * * *
Something draws strength from your injuries!
You hit something. You hit something but do no damage.
Something hits you but does no damage. Something closely misses you.
You closely miss something. Something misses you. Something closely misses you.
You barely miss something. Something hits you but does no damage.
Something bites you.
* * * LOW HITPOINT WARNING * * *
Something draws strength from your injuries!
You completely miss something. You puncture something!
You barely miss something.
Unholy energy fills the air.
* * * LOW HITPOINT WARNING * * *
You hit something but do no damage.
Unholy energy fills the air.
You die...
Your body crumbles into a pile of gold.

▓.▓
$
▓)▓
$
▓.▓
$
▓.▓
$
▓.▓
$
▓.▓
$
▓'▓
▓$▓
▓@▓
▓{▓
▓.▓
▓.▓
▓.▓
▓+▓


There were no monsters in sight!

Vanquished Creatures
  A centaur warrior (D)
  A two-headed ogre (D)
  A sky beast (D)
  2 ice beasts (D)
  A centaur (D)
  A crocodile (D)
  A bullfrog (D)
  A hound (D)
  An orc wizard (D)
  2 adders (D)
  2 orcs (D)
  A ball python (D)
  A giant cockroach (D)
  A hobgoblin (D)
  A bat (D)
  A giant cockroach zombie (D)
  A jackal skeleton (D)
  A rat (D)
21 creatures vanquished.

Notes
Turn   | Place    | Note
-------+----------+-------------------------------------------
     0 | D        | potatolord5000 the Merfolk Gladiator began the quest for the Orb.
     0 | D        | Reached XP level 1. HP: 16/16 MP: 1/1
    11 | D        | Reached skill level 5 in Polearms
    12 | D        | Reached skill level 1 in Stealth
    20 | D        | Noticed an orc wizard
    20 | D        | Noticed a hound
    20 | D        | Noticed an ice beast
    22 | D        | Killed an orc wizard
    22 | D        | Reached skill level 6 in Polearms
    22 | D        | Reached skill level 5 in Dodging
    22 | D        | Reached XP level 2. HP: 23/25 MP: 2/2
    22 | D        | Reached XP level 3. HP: 29/30 MP: 3/3
    29 | D        | Reached XP level 4. HP: 36/38 MP: 4/4
    33 | D        | Killed an ice beast
    33 | D        | Reached skill level 8 in Polearms
    33 | D        | Reached skill level 5 in Stealth
    33 | D        | Reached XP level 5. HP: 27/46 MP: 5/5
    62 | D        | Found a roughly hewn altar of Beogh.
    62 | D        | Found a snail-covered altar of Cheibriados.
    62 | D        | Found a shadowy altar of Dithmenos.
    62 | D        | Found a white marble altar of Elyvilon.
    62 | D        | Found a blossoming altar of Fedhas.
    62 | D        | Found an opulent altar of Gozag.
    63 | D        | Found a hazy altar of Hepliaklqana.
    64 | D        | Found a viscous altar of Jiyva.
    65 | D        | Found an ancient bone altar of Kikubaaqudgha.
    66 | D        | Found a corrupted altar of Lugonu.
    67 | D        | Found a burning altar of Makhleb.
    68 | D        | Found a sparkling altar of Nemelex Xobeh.
    69 | D        | Found an iron altar of Okawaru.
    70 | D        | Became a worshipper of Gozag Ym Sagoz the Greedy
    71 | D        | Found a stormy altar of Qazlal.
    72 | D        | Found a sacrificial altar of Ru.
    73 | D        | Found a deep blue altar of Sif Muna.
    74 | D        | Found a bloodstained altar of Trog.
    75 | D        | Found a hide-covered altar of Uskayaw.
    76 | D        | Found a radiant altar of Vehumet.
    77 | D        | Found an ornate altar of the Wu Jian Council.
    78 | D        | Found a shimmering altar of Xom.
    79 | D        | Found a basalt altar of Yredelemnul.
    80 | D        | Found a glowing silver altar of Zin.
    81 | D        | Found a glowing golden altar of the Shining One.
   263 | D        | Noticed an ice beast
   263 | D        | Noticed a sky beast
   263 | D        | Noticed a centaur
   265 | D        | Reached skill level 9 in Polearms
   267 | D        | Killed an ice beast
   267 | D        | Reached skill level 10 in Polearms
   267 | D        | Reached XP level 6. HP: 55/55 MP: 6/6
   272 | D        | Killed a sky beast
   272 | D        | Reached skill level 10 in Dodging
   277 | D        | Reached skill level 11 in Polearms
   277 | D        | Reached XP level 7. HP: 54/63 MP: 7/7
   297 | D        | Noticed a two-headed ogre
   297 | D        | Noticed a centaur warrior
   297 | D        | Noticed a vampire
   316 | D        | Killed a two-headed ogre
   316 | D        | Reached skill level 10 in Fighting
   316 | D        | Reached skill level 13 in Polearms
   316 | D        | Reached skill level 10 in Stealth
   316 | D        | Reached XP level 8. HP: 53/72 MP: 8/8
   326 | D        | Killed a centaur warrior
   326 | D        | Reached skill level 14 in Polearms
   326 | D        | Reached XP level 9. HP: 21/81 MP: 9/9
   341 | D        | Killed from afar by a vampire

Vault maps used:
D:        linesprint

Skill      XL: |  1  2  3  4  5  6  7  8 |
---------------+-------------------------+-----
Polearms       | 6 8 10 11 13 14 | 14.2
Stealth        | 2 3 5 7 8 10 11 | 11.6
Fighting       | 4 6 7 8 10 11 | 11.1
Dodging        | 5 6 8 9 10 12 13 | 13.3
Throwing       | |  2.0

Action                   |  1- 3 |  4- 6 |  7- 9 || total
-------------------------+-------+-------+-------++-------
Melee: Trident           |    17 |     6 |       ||    23
       Halberd           |       |    12 |    42 ||    54
  Use: Potion            |     2 |       |     2 ||     4
 Stab: Sleeping          |     1 |     2 |     3 ||     6
       Distracted        |       |       |     1 ||     1
  Eat: Bread ration      |       |       |     1 ||     1
Armor: Leather armour    |       |     1 |     3 ||     4
Dodge: Dodged            |    11 |     6 |    22 ||    39
